 Dungeon Crawl Stone Soup version 0.24.0-29-g8ce449bc06 (webtiles) character file.

Game seed: 9693772299402294038, levelgen mode: deterministic

9068 Curus the Cleaver (level 11, 0/101 HPs)
             Began as a Minotaur Monk on Nov 15, 2019.
             Was an Elder of Makhleb.
             Slain by a komodo dragon (2 damage)
             ... on level 2 of the Lair of Beasts.
             The game lasted 00:55:38 (8922 turns).

Curus the Cleaver (Minotaur Monk)                   Turns: 8922, Time: 00:55:39

Health: 0/101      AC: 17    Str: 19    XL:     11   Next: 18%
Magic:  11/11      EV:  9    Int: 12    God:    Makhleb [****..]
Gold:   511        SH:  3    Dex: 15    Spells: 10/10 levels left

rFire    . . .     SeeInvis +   z - +0 broad axe
rCold    . . .     Gourm    .   i - +0 buckler
rNeg     . . .     Faith    .   q - +1 chain mail {rPois}
rPois    +         Spirit   .   (helmet restricted)
rElec    .         Reflect  .   y - +0 cloak
rCorr    .         Harm     .   A - +2 pair of gloves
MR       .....                  (no boots)
Stlth    ..........             p - amulet of the acrobat
HPRegen  0.26/turn              g - +5 ring of intelligence
MPRegen  0.12/turn              (no ring)

@: no status effects
A: retaliatory headbutt, claws 1, horns 2, see invisible, strong 1
a: Minor Destruction, Lesser Servant of Makhleb, Major Destruction, Renounce
Religion


You were on level 2 of the Lair of Beasts.
You worshipped Makhleb.
Makhleb was greatly pleased with you.
You were not hungry.

You visited 3 branches of the dungeon, and saw 15 of its levels.
You also visited: Sewer.

You collected 511 gold pieces.

Inventory:

Hand Weapons
 a - a +0 hand axe
 u - the +5 mace "Undertaker" {venom, rPois Int+4}
   (You took it off an orc on level 8 of the Dungeon)

   It poisons the flesh of those it strikes.
   It affects your intelligence (+4).
   It protects you from poison.
 w - a +0 war axe
 z - a +0 broad axe (weapon)
Armour
 b - a +0 robe
 d - a +0 ring mail
 i - a +0 buckler (worn)
 q - a +1 chain mail of poison resistance (worn)
 t - a +0 plate armour
 y - a +0 cloak (worn)
 A - a +2 pair of gloves (worn)
Jewellery
 g - a +5 ring of intelligence (left hand)
 p - an amulet of the acrobat (around neck)
 s - an uncursed ring of see invisible
Wands
 r - a wand of scattershot (6)
 v - a wand of flame (6)
 B - a wand of enslavement (3)
 C - a wand of paralysis (5)
Scrolls
 f - 5 scrolls of teleportation
 l - 3 scrolls of identify
 m - 2 scrolls of magic mapping
 o - 2 scrolls of fear
Potions
 e - 2 potions of magic
 h - 4 potions of mutation
 j - 6 potions of heal wounds
 k - a potion of invisibility
 n - 2 potions of haste
 x - 5 potions of curing
Comestibles
 c - 21 rations


   Skills:
 - Level 10.9 Fighting
 + Level 14.3 Axes
 - Level 10.2 Armour
 - Level 3.2 Dodging
 - Level 1.5 Stealth
 + Level 2.4 Invocations


You had 10 spell levels left.
You didn't know any spells.
Your spell library contained the following spells:

 Spells                   Type           Power        Failure   Level  Hunger
 Corona                   Hex            #......      99%         1    ##.....
 Slow                     Hex            #.......     100%        2    ###....
 Inner Flame              Hex/Fire       #.......     100%        3    ####...
 Portal Projectile        Hex/Tloc       #.....       100%        3    ####...
 Cause Fear               Hex            #.........   100%        4    #####..
 Leda's Liquefaction      Hex/Erth       #.........   100%        4    #####..


Dungeon Overview and Level Annotations

Branches:
Dungeon (10/15)            Temple (1/1) D:7            Lair (4/6) D:10
  Sewer (visited)
  Swamp: Lair:2-4    Shoals: Lair:2-4     Snake: Lair:2-4    Spider: Lair:2-4
    Orc: D:9-12

Altars:
Cheibriados
Hepliaklqana
Makhleb
Okawaru
Sif Muna
Trog
Wu Jian
Xom
Yredelemnul
Zin


Innate Abilities, Weirdness & Mutations

You reflexively headbutt those who attack you in melee.
You have a pair of horns on your head.
You have sharp fingernails.
You have supernaturally acute eyesight. (SInv)
Your muscles are strong. (Str +2)


Message History

You completely miss the fungus.
You feel sick. The komodo dragon barely misses you.
You hit the komodo dragon.
The komodo dragon is severely wounded.
You hit the fungus.
You destroy the fungus!
The komodo dragon bites you!!
You closely miss the komodo dragon.
The komodo dragon is severely wounded.
The komodo dragon bites you!
* * * LOW HITPOINT WARNING * * *
You closely miss the komodo dragon.
The komodo dragon is severely wounded.
The komodo dragon hisses menacingly.
The komodo dragon bites you!!
* * * LOW HITPOINT WARNING * * *
A demon appears!
You feel sick.
You are no longer poisoned.
The komodo dragon bites you.
You die...

.........##P.....##
#.........##.......#
...........#
#........# #..>##
#....# #P...# #
##..#.#...#
#3.@l......
#P.....##.../
....?$...# ....#
..#.#....# ..##
#..#.....# #.P#
##...P.### ###
....## ..##


You could see a komodo dragon and a friendly ynoxinul.

Vanquished Creatures
  A two-headed ogre (D:9)
  Sonja (D:10)
  An unseen horror (D:10)
  Maurice (D:9)
  A spiny frog (Lair:4)
  2 polar bears (D:10)
  2 hippogriffs
  Sigmund (D:6)
  A wyvern (D:8)
  A yak (D:7)
  3 hogs (D:7)
  A human (D:7)
  2 water moccasins
  4 porcupines
  4 orc warriors
  4 sky beasts
  An eye of draining (D:9)
  2 phantoms
  3 black bears
  7 centaurs
  An ogre (D:5)
  2 crocodiles
  A big kobold (D:5)
  3 bullfrogs
  3 scorpions
  12 killer bees
  5 howler monkeys
  3 crimson imps
  3 hounds
  5 orc priests
  A bullfrog skeleton (D:7)
  An iron imp (D:6)
  9 orc wizards
  4 iguanas
  3 worker ants
  A killer bee zombie (D:9)
  2 worker ant zombies (D:8)
  14 adders
  2 river rats (Sewer)
  A shadow imp (D:8)
  3 oozes
  2 adder zombies
  3 adder skeletons
  A worm (D:3)
  A dart slug (D:3)
  8 leopard geckos
  30 orcs
  5 bats
  8 giant cockroaches
  11 goblins
  10 hobgoblins
  7 jackals
  27 kobolds
  4 quokkas
  5 ball pythons
  10 frilled lizards
  2 jackal skeletons
  A leopard gecko skeleton (D:5)
  A quokka skeleton (D:6)
  2 quokka zombies (D:7)
  8 rats
  A fungus (Lair:2)
269 creatures vanquished.

Vanquished Creatures (others)
  An orc priest (D:5)
1 creature vanquished.

Grand Total: 270 creatures vanquished

Notes
Turn   | Place    | Note
-------+----------+-------------------------------------------
     0 | D:1      | Curus the Minotaur Monk began the quest for the Orb.
     0 | D:1      | Reached XP level 1. HP: 19/19 MP: 0/0
    71 | D:1      | Reached skill level 4 in Axes
   162 | D:1      | Reached XP level 2. HP: 26/26 MP: 1/1
   718 | D:2      | Reached skill level 5 in Axes
   742 | D:2      | Reached XP level 3. HP: 28/31 MP: 2/2
   860 | D:2      | Gained mutation: You have sharp fingernails. [potion of
                  | mutation]
   860 | D:2      | Gained mutation: You have supernaturally acute eyesight.
                  | (SInv) [potion of mutation]
   860 | D:2      | Gained mutation: Your muscles are strong. (Str +2) [potion
                  | of mutation]
   912 | D:2      | Found a shimmering altar of Xom.
  1311 | D:2      | Found a glowing silver altar of Zin.
  1470 | D:3      | Reached skill level 6 in Axes
  1470 | D:3      | Reached XP level 4. HP: 39/39 MP: 3/3
  1752 | D:3      | Found a glowing drain.
  1784 | Sewer    | Entered a sewer
  1881 | Sewer    | Reached skill level 7 in Axes
  1881 | Sewer    | Reached XP level 5. HP: 45/45 MP: 4/4
  2325 | D:4      | Noticed an orc warrior
  2335 | D:4      | Killed an orc warrior
  2335 | D:4      | Reached skill level 8 in Axes
  2341 | D:4      | Reached XP level 6. HP: 33/51 MP: 5/5
  2762 | D:4      | Reached skill level 9 in Axes
  3055 | D:5      | Entered Level 5 of the Dungeon
  3149 | D:5      | Noticed a sky beast
  3163 | D:5      | Killed a sky beast
  3163 | D:5      | Reached XP level 7. HP: 39/57 MP: 6/6
  3278 | D:5      | Reached skill level 10 in Axes
  3582 | D:5      | Reached skill level 11 in Axes
  4030 | D:6      | Found a snail-covered altar of Cheibriados.
  4051 | D:6      | Reached XP level 8. HP: 22/64 MP: 7/7
  4280 | D:6      | Noticed Sigmund
  4294 | D:6      | Killed Sigmund
  4294 | D:6      | Reached skill level 12 in Axes
  4706 | D:6      | Found a basalt altar of Yredelemnul.
  5109 | D:7      | Reached skill level 13 in Axes
  5235 | D:7      | Found a staircase to the Ecumenical Temple.
  5251 | Temple   | Entered the Ecumenical Temple
  5260 | Temple   | Became a worshipper of Makhleb the Destroyer
  5260 | Temple   | Reached * piety under Makhleb
  5260 | Temple   | Reached ** piety under Makhleb
  5295 | D:7      | Found a shimmering blue altar of Sif Muna.
  5388 | D:7      | Reached skill level 14 in Axes
  5388 | D:7      | Reached XP level 9. HP: 40/70 MP: 8/8
  5390 | D:7      | Reached skill level 1 in Armour
  5736 | D:7      | Reached skill level 5 in Fighting
  6067 | D:7      | Found an iron altar of Okawaru.
  6141 | D:8      | Identified the +5 mace "Undertaker" {venom, rPois Int+4}
  6158 | D:8      | Reached skill level 5 in Armour
  6483 | D:8      | Reached *** piety under Makhleb
  6861 | D:9      | Noticed a two-headed ogre
  6871 | D:9      | Killed a two-headed ogre
  6871 | D:9      | Reached XP level 10. HP: 55/88 MP: 4/9
  7101 | D:9      | Noticed Maurice
  7746 | D:9      | Killed Maurice
  7874 | D:10     | Entered Level 10 of the Dungeon
  7881 | D:10     | Noticed an unseen horror
  7895 | D:10     | Killed an unseen horror
  7939 | D:10     | Reached skill level 10 in Fighting
  7962 | D:10     | Found a bloodstained altar of Trog.
  8036 | D:10     | Noticed Sonja
  8048 | D:10     | Reached **** piety under Makhleb
  8411 | D:10     | Killed Sonja
  8411 | D:10     | Reached skill level 10 in Armour
  8449 | D:10     | Reached XP level 11. HP: 90/101 MP: 10/10
  8490 | D:10     | Found a staircase to the Lair.
  8505 | Lair:1   | Entered Level 1 of the Lair of Beasts
  8831 | Lair:1   | Noticed a seven-headed hydra
  8862 | Lair:2   | Reached skill level 1 in Invocations
  8871 | Lair:2   | You fall into a shaft and drop 2 floors!
  8922 | Lair:2   | HP: 2/101 [poisoned by a water moccasin]
  8922 | Lair:2   | Slain by a komodo dragon

Levels and vault maps discovered:
D:1:      dpeg_arrival_solitude, layout_basic
D:2:      layout_loops_ring, marbit_many_paths, old_standard_altar,
          lemuel_old_faithful
D:3:      layout_basic, gup_sewer_entry_pipe, first_ration
D:4:      cheibrodos_old_hovel, layout_basic
D:5:      kennysheep_kobold_camp, layout_cave_pools
D:6:      layout_gridville, slow_altar_1, basic_altar, uniq_sigmund
D:7:      layout_rooms, okawaru_altar_gauntlet_db,
          minmay_temple_entry_offerings, grunt_livestock, nrook_mini_vaults,
          supply_closet_lemuel, tgw_sif
D:8:      layout_rooms, minmay_misc_feat_doors, st_stairs_5
D:9:      layout_irregular_city, uniq_maurice
D:10:     layout_rooms, lair_entry_dummy, trog_ov_bears_minmay, uniq_sonja
Temple:   regret_index_temple_mists
Lair:1:   layout_loops_ring
Lair:2:   layout_misc_corridors, elwin_shoals_entry_rocks,
          minmay_snake_entry_six_corridors, beast_lair_carwin_2
Lair:3:   layout_cave_pods, infiniplex_staircase_pool
Lair:4:   layout_roguey, minivault_23, minmay_lair_oklob_chamber,
          grunt_megastairs_3

Skill      XL: |  1  2  3  4  5  6  7  8  9 10 11 |
---------------+----------------------------------+-----
Axes           | 4 5 6 7 8 9 11 14 | 14.3
Fighting       | 8 10 | 10.9
Armour         | 7 10 | 10.2
Invocations    | 2 |  2.4
Dodging        | |  3.2
Stealth        | |  1.5

Action                   |  1- 3 |  4- 6 |  7- 9 | 10-12 || total
-------------------------+-------+-------+-------+-------++-------
Melee: Hand axe          |    80 |   186 |   327 |       ||   593
       Headbutt          |    15 |    26 |    86 |    44 ||   171
       War axe           |       |       |    57 |   167 ||   224
       Mace              |       |       |     7 |       ||     7
       Broad axe         |       |       |       |    67 ||    67
Invok: Minor Destruction |       |       |       |     3 ||     3
       Lesser Servant of |       |       |       |     2 ||     2
Evoke: Wand              |       |       |     1 |     3 ||     4
  Use: Potion            |     7 |     1 |     2 |     3 ||    13
       Scroll            |     2 |     4 |     2 |       ||     8
 Stab: Sleeping          |     2 |     1 |       |       ||     3
  Eat: Chunk             |     2 |     5 |     8 |     8 ||    23
       Ration            |       |       |     1 |       ||     1
Armor: Robe              |     1 |       |       |       ||     1
       Ring mail         |    15 |    20 |       |       ||    35
       Chain mail        |       |    30 |   108 |    31 ||   169
       Plate armour      |       |       |    29 |   108 ||   137
Dodge: Dodged            |    43 |    73 |   125 |   117 ||   358
Block: Buckler           |       |    20 |    30 |    34 ||    84
